 Dungeon Crawl Stone Soup version 0.21.0-30-g47ce8e4 (webtiles) character file.

30392 piemaster the Severer (level 13, -11/119 HPs)
             Began as a Minotaur Berserker on Jan 28, 2018.
             Was a High Priest of Trog.
             Mangled by a vault guard
             ... wielding a +1 bardiche of protection
              (13 damage)
             ... on level 13 of the Dungeon.
             The game lasted 00:47:43 (15022 turns).

piemaster the Severer (Minotaur Berserker)         Turns: 15022, Time: 00:47:43

Health: -11/119    AC: 13    Str: 24    XL:     13   Next: 20%
Magic:  4/4        EV: 19    Int:  4    God:    Trog [*****.]
Gold:   980        SH:  0    Dex: 15    Spells: 12/12 levels left

rFire    . . .     SeeInvis .   a - +4 executioner's axe (antimagic)
rCold    + . .     Gourm    +   (shield currently unavailable)
rNeg     . . .     Faith    .   Z - +3 ring mail of the Sacrificial Victim {Dex+4}
rPois    +         Spirit   .   (helmet restricted)
rElec    .         Reflect  .   g - +0 cloak
rCorr    .         Harm     .   (no gloves)
MR       .....                  G - +0 pair of boots
Stlth    +.........             S - amulet of the gourmand
HPRegen  0.29/turn              p - ring of flight
MPRegen  0.09/turn              y - ring of protection from cold

@: berserk cooldown, slowed, very slow
A: retaliatory headbutt, horns 2, blink, blurry vision 1, high mp 1, poison
resistance, weak 1
a: Blink, Berserk, Trog's Hand, Brothers in Arms, Burn Spellbooks, Renounce
Religion, Evoke Flight


You were on level 13 of the Dungeon.
You worshipped Trog.
Trog was extremely pleased with you.
You were not hungry.

You visited 1 branch of the dungeon, and saw 14 of its levels.
You also visited: Labyrinth, Ossuary and Bailey.

You collected 980 gold pieces.

Inventory:

Hand Weapons
 a - a +4 antimagic executioner's axe (weapon)
 b - a +0 hunting sling
 J - the +11 morningstar of the Globe {crush, Fragile rF+ Dex+3, unknown}
   (You took it off a kobold on level 13 of the Dungeon)

   It inflicts extra damage upon your enemies.
   It affects your dexterity (+3).
   It protects you from fire.
   It will be destroyed if unequipped.
 O - a +0 hand axe of flaming
 Y - a +1 war axe of chopping
Missiles
 e - 2 poisoned tomahawks (quivered)
 z - 37 sling bullets
Armour
 g - a +0 cloak (worn)
 n - a +0 buckler
 D - a +0 plate armour
 G - a +0 pair of boots (worn)
 M - +0 fire dragon scales
 Z - the +3 ring mail of the Sacrificial Victim (worn) {Dex+4}
   (You took it off a minotaur in a labyrinth)

   It affects your dexterity (+4).
Jewellery
 p - a ring of flight (left hand)
 y - a ring of protection from cold (right hand)
 S - an amulet of the gourmand (around neck)
 T - the ring of Dishonour {rF- MP+9 Str+4}
   (You found it in a labyrinth)

   [ring of magical power]

   It affects your strength (+4).
   It makes you vulnerable to fire.
   It affects your magic capacity (+9).
Wands
 C - a wand of acid (7)
 E - a wand of flame (71)
 K - a wand of enslavement (16)
 U - a wand of polymorph (13)
 W - a wand of digging (5)
Scrolls
 d - 9 scrolls of remove curse
 f - 4 scrolls of teleportation
 h - 4 scrolls of holy word {unknown}
 j - 2 scrolls of fog {unknown}
 q - 3 scrolls of enchant weapon {unknown}
 r - 10 scrolls of identify
 s - 2 scrolls of amnesia {unknown}
 t - 4 scrolls of enchant armour {unknown}
 x - a scroll of immolation {unknown}
 B - a scroll of blinking {unknown}
 H - 2 scrolls of fear {unknown}
 I - a scroll of acquirement {unknown}
 L - a scroll of summoning {unknown}
 N - 2 scrolls of silence {unknown}
 P - a scroll of magic mapping {unknown}
 Q - a scroll of torment {unknown}
 V - a scroll of vulnerability {unknown}
Potions
 i - 3 potions of haste
 k - 6 potions of lignification
 l - 2 potions of ambrosia {unknown}
 m - 2 potions of heal wounds
 o - 5 potions of flight
 u - a potion of brilliance {unknown}
 v - 4 potions of curing
 w - a potion of cancellation {unknown}
 A - 3 potions of agility {unknown}
 F - a potion of berserk rage {unknown}
Comestibles
 c - 14 rations


   Skills:
 + Level 12.5 Fighting
 * Level 16.4 Axes
 + Level 12.2 Armour
 + Level 11.2 Dodging


You had 12 spell levels left.
You didn't know any spells.

Dungeon Overview and Level Annotations

Branches:
Dungeon (14/15)            Temple (0/1) D:7            Lair (0/6) D:10
    Orc (0/2) D:11         Vaults (0/5) D:13

Altars:
Dithmenos
Hepliaklqana
Nemelex Xobeh
Sif Muna
Trog
Wu Jian
Xom
Yredelemnul
Zin
Beogh

Shops:
D:12 (

Portals:
Trove: D:10 (give +4 fire dragon scales)


Innate Abilities, Weirdness & Mutations

You reflexively headbutt those who attack you in melee.
You have a pair of horns on your head.
You can translocate small distances at will.
Scrolls take you a little longer to read.
You have an increased reservoir of magic. (+10% MP)
Your system is resistant to poisons. (rPois)
You are weak. (Str -2)


Message History

The stone misses you.
You blink.
You feel slightly more hungry. The human barely misses you.
You furiously retaliate!
You headbutt the human.
The vault guard hits you with a great sword!
* * * LOW HITPOINT WARNING * * *
The necromancer simulacrum hits you but does no damage.
The human simulacrum hits you but does no damage.
You don't have enough health at the moment.
You don't have enough health at the moment.
You slice the human simulacrum!!
The human simulacrum vapourises!
You hit the vault guard. You slice the human!!
You slice the necromancer simulacrum!! The vault guard misses you.
The necromancer simulacrum hits you but does no damage.
The human throws a stone.
The stone misses you.
The stone hits the necromancer simulacrum.
The necromancer simulacrum vapourises!
The human misses you.
The vault guard hits you from afar with a bardiche of protection!
You die...

#..#####.........## #..#
#.......###
########..#####....^..#
#((...................#
#.#############.......#
#.#%....#.....#.......#
#(#(....'....(#.......#
#.#..⌠.p§..⌠(.#.....>.#
#.#...pp§@p...#.......#
#(#....p#p....#.......# #
#.##'''###pp'##.......#..#
##.#)†...#.p.p.#.......#..#
#.††..p..#.....#.......#).#
#..'..⌠..#..∩..#.......#..#
#..'....%#[....#.......#..#
#..#.....#(....#.......#..#
#..#############.......#..#


You could see 2 vault guards, 2 necromancers and 6 humans.

Vanquished Creatures
  A minotaur (Lab)
  2 hydras
  The ghost of piemaster the Cleaver, a novice MiBe of Trog (D:10)
  6 two-headed ogres
  4 unseen horrors
  An orc knight (D:10)
  An oklob plant (D:10)
  3 ugly things
  2 necromancers (D:13)
  2 cyclopes
  A centaur zombie (D:10)
  2 gargoyles
  4 trolls
  A harpy zombie (D:12)
  A hippogriff (D:12)
  2 shadows (D:12)
  14 yaks
  3 vampires
  A wraith (D:13)
  3 wyverns
  3 hungry ghosts
  11 humans
  4 hogs (D:9)
  Edmund (D:6)
  A vampire mosquito (D:11)
  A warg (D:11)
  A soldier ant (D:11)
  An acid dragon (D:13)
  A black bear (D:11)
  5 phantoms
  5 sky beasts
  10 orc warriors
  4 ice beasts
  2 eyes of draining
  2 necrophages (D:13)
  7 ogres
  7 centaurs
  8 big kobolds
  13 bullfrogs
  A water moccasin zombie (D:8)
  6 scorpions
  16 killer bees
  3 wights (D:6)
  4 howler monkeys
  6 crimson imps
  2 quasits (D:11)
  2 jellies
  4 centaur skeletons
  Crazy Yiuf (D:2)
  3 bullfrog zombies
  8 orc priests
  9 hounds
  2 human zombies (Ossuary)
  3 iguanas
  21 orc wizards
  11 worker ants
  A hound zombie (D:9)
  3 hound skeletons
  4 mummies
  A howler monkey zombie (D:11)
  A worker ant zombie (D:11)
  6 gnolls
  9 adders
  8 shadow imps
  An ooze (D:6)
  An adder skeleton (D:5)
  2 worms
  2 dart slugs (D:1)
  4 leopard geckos
  76 orcs
  3 ball pythons
  4 giant cockroaches
  A gnoll zombie (Ossuary)
  8 goblins
  7 hobgoblins
  10 jackals
  6 quokkas
  6 bats
  3 frilled lizards
  A goblin zombie (Ossuary)
  A hobgoblin zombie (Ossuary)
  A jackal zombie (D:5)
  58 kobolds
  A kobold zombie (Ossuary)
  2 orc zombies (Ossuary)
  A quokka skeleton (D:4)
  9 rats
  A plant (D:10)
486 creatures vanquished.

Vanquished Creatures (others)
  An electric eel (D:12)
  An orc (D:12)
  3 plants
5 creatures vanquished.

Grand Total: 491 creatures vanquished

Notes
Turn   | Place    | Note
-------+----------+-------------------------------------------
     0 | D:1      | piemaster the Minotaur Berserker began the quest for the Orb.
     0 | D:1      | Reached XP level 1. HP: 19/19 MP: 0/0
   158 | D:1      | Reached skill level 4 in Axes
   158 | D:1      | Reached XP level 2. HP: 27/27 MP: 1/1
   682 | D:1      | Reached XP level 3. HP: 29/33 MP: 2/2
   870 | D:2      | Reached ** piety under Trog
  1168 | D:2      | Found a runed door.
  1205 | D:2      | Noticed Crazy Yiuf
  1211 | D:2      | Killed Crazy Yiuf
  1211 | D:2      | Reached XP level 4. HP: 40/40 MP: 3/3
  1320 | D:2      | Found a faded altar of an unknown god.
  1495 | D:3      | Reached skill level 5 in Axes
  1495 | D:3      | Reached XP level 5. HP: 35/47 MP: 4/4
  1724 | D:3      | Found a shadowy altar of Dithmenos.
  1891 | D:3      | Found a hazy altar of Hepliaklqana.
  1892 | D:3      | Found a shimmering altar of Xom.
  1895 | D:3      | Found an ornate altar of the Wu Jian Council.
  1895 | D:3      | Found a deep blue altar of Sif Muna.
  1895 | D:3      | Found a sparkling altar of Nemelex Xobeh.
  1895 | D:3      | Found a basalt altar of Yredelemnul.
  1895 | D:3      | Found a bloodstained altar of Trog.
  1896 | D:3      | Found a glowing silver altar of Zin.
  2251 | D:4      | Noticed a phantom
  2261 | D:4      | Killed a phantom
  2261 | D:4      | Reached XP level 6. HP: 55/55 MP: 5/5
  2355 | D:4      | Reached skill level 5 in Fighting
  2355 | D:4      | Reached skill level 6 in Axes
  2885 | D:5      | Entered Level 5 of the Dungeon
  2996 | D:5      | Reached *** piety under Trog
  3000 | D:5      | Noticed an ice beast
  3226 | D:5      | Killed an ice beast
  3226 | D:5      | Reached XP level 7. HP: 61/61 MP: 6/6
  3314 | D:5      | Reached skill level 7 in Axes
  3350 | D:5      | Reached skill level 5 in Armour
  3751 | D:6      | Reached XP level 8. HP: 70/70 MP: 7/7
  3755 | D:6      | Reached skill level 8 in Axes
  3918 | D:6      | Reached skill level 5 in Dodging
  3967 | D:6      | Found a sand-covered staircase.
  4055 | Ossuary  | Entered an ossuary
  4189 | Ossuary  | Reached **** piety under Trog
  4477 | D:6      | Noticed Edmund
  4509 | D:6      | Killed Edmund
  4893 | D:6      | Reached skill level 9 in Axes
  5637 | D:7      | Reached XP level 9. HP: 77/79 MP: 8/8
  5915 | D:7      | Reached skill level 10 in Axes
  5969 | D:7      | Found a staircase to the Ecumenical Temple.
  6855 | D:8      | Reached ***** piety under Trog
  6861 | D:8      | Reached skill level 11 in Axes
  6863 | D:8      | Received a gift from Trog
  6979 | D:8      | Reached XP level 10. HP: 38/90 MP: 9/9
  7389 | D:8      | Noticed a two-headed ogre
  7396 | D:8      | Killed a two-headed ogre
  8008 | D:9      | Reached skill level 12 in Axes
  8089 | D:9      | Received a gift from Trog
  8293 | D:9      | Noticed a two-headed ogre
  8298 | D:9      | Killed a two-headed ogre
  8350 | D:9      | Noticed a two-headed ogre
  8357 | D:9      | Killed a two-headed ogre
  8701 | D:9      | Found a roughly hewn altar of Beogh.
  8703 | D:9      | Reached XP level 11. HP: 99/99 MP: 10/10
  8711 | D:9      | Reached skill level 13 in Axes
  9011 | D:9      | Reached skill level 10 in Fighting
  9098 | D:10     | Entered Level 10 of the Dungeon
  9240 | D:10     | Noticed an orc knight
  9256 | D:10     | Killed an orc knight
  9516 | D:10     | Found a flagged portal.
  9521 | Bailey   | Entered a bailey
  9696 | Bailey   | Found a burning altar of Makhleb.
  9925 | D:10     | Noticed piemaster's ghost (novice MiBe)
  9946 | D:10     | Killed piemaster's ghost
  9946 | D:10     | Reached skill level 10 in Armour
 10067 | D:10     | Received a gift from Trog
 10087 | D:10     | Found a portal to a secret trove of treasure.
 10117 | D:10     | Gained mutation: You are frail. (-10% HP) [potion of mutation]
 10117 | D:10     | Gained mutation: Scrolls take you a little longer to read. [potion of mutation]
 10117 | D:10     | Gained mutation: You tend to lose your temper in combat. [potion of mutation]
 10117 | D:10     | Gained mutation: You have an increased reservoir of magic. (+10% MP) [potion of mutation]
 10118 | D:10     | Lost mutation: You are frail. (-10% HP) [potion of mutation]
 10118 | D:10     | Lost mutation: You tend to lose your temper in combat. [potion of mutation]
 10118 | D:10     | Gained mutation: Your system is resistant to poisons. (rPois) [potion of mutation]
 10118 | D:10     | Gained mutation: You are weak. (Str -2) [potion of mutation]
 10118 | D:10     | Gained mutation: You can translocate small distances at will. [potion of mutation]
 10129 | D:10     | Found a staircase to the Lair.
 10132 | D:10     | Noticed an oklob plant
 10228 | D:10     | Killed an oklob plant
 10243 | D:10     | Killed an unseen horror
 10510 | D:10     | Reached skill level 14 in Axes
 10818 | D:11     | Found a staircase to the Orcish Mines.
 10833 | D:11     | Noticed a four-headed hydra
 10843 | D:11     | Killed a one-headed hydra
 10902 | D:11     | Found an ornate altar of the Wu Jian Council.
 11033 | D:11     | Noticed a two-headed ogre
 11037 | D:11     | Killed a two-headed ogre
 11131 | D:11     | Found a labyrinth entrance.
 11140 | Lab      | Entered a labyrinth
 11353 | Lab      | Noticed a minotaur
 11359 | Lab      | Killed a minotaur
 11359 | Lab      | Reached skill level 10 in Dodging
 11359 | Lab      | Reached XP level 12. HP: 99/110 MP: 4/12
 11361 | Lab      | Got a transparent amber ring
 11362 | Lab      | Got a brightly glowing ring mail
 11517 | Lab      | Identified the +3 ring mail of the Sacrificial Victim {Dex+4} (You took it off a minotaur in a labyrinth)
 11521 | Lab      | Got a faintly humming scale mail
 11532 | Lab      | Identified the cursed +0 scale mail of Roxaf {rN++ rCorr Dex+4} (You found it in a labyrinth)
 11695 | D:11     | Found a sparkling altar of Nemelex Xobeh.
 12094 | D:11     | Identified the ring of Dishonour {rF- MP+9 Str+4} (You found it in a labyrinth)
 12210 | D:12     | Received a gift from Trog
 12212 | D:12     | Noticed a two-headed ogre
 12213 | D:12     | Reached skill level 15 in Axes
 13131 | D:12     | Killed a two-headed ogre
 13183 | D:12     | Noticed a two-headed ogre
 13188 | D:12     | Killed a two-headed ogre
 13293 | D:12     | Found Vyocem's Antique Weapon Shoppe.
 13887 | D:13     | Noticed a seven-headed hydra
 13891 | D:13     | Killed a ten-headed hydra
 13907 | D:13     | Received a gift from Trog
 13933 | D:13     | Got a warped morningstar {crush}
 13941 | D:13     | Reached skill level 16 in Axes
 14469 | D:13     | Reached XP level 13. HP: 118/118 MP: 4/13
 15015 | D:13     | Found a gate to the Vaults.
 15021 | D:13     | HP: 1/119 [vault guard/great sword (8)]
 15022 | D:13     | Mangled by a vault guard

Skill      XL: |  1  2  3  4  5  6  7  8  9 10 11 12 |
---------------+-------------------------------------+-----
Axes           | 4 5 6 7 9 11 12 14 16 | 16.4
Fighting       | 4 5 6 7 8 9 11 12 | 12.5
Armour         | 3 4 5 6 8 9 10 12 | 12.2
Dodging        | 3 4 6 7 8 10 11 | 11.2

Action                   |  1- 3 |  4- 6 |  7- 9 | 10-12 | 13-15 || total
-------------------------+-------+-------+-------+-------+-------++-------
Melee: Hand axe          |    70 |    92 |   409 |   298 |       ||   869
       Headbutt          |    14 |    20 |    75 |   130 |    11 ||   250
       Executioner's axe |       |       |       |   287 |    51 ||   338
 Fire: Hunting sling     |       |       |     2 |    27 |       ||    29
Throw: Tomahawk          |       |       |       |     8 |       ||     8
Invok: Berserk           |     1 |     3 |    12 |    21 |     2 ||    39
       Trog's Hand       |       |     1 |       |     1 |       ||     2
       Burn Spellbooks   |       |     1 |       |       |     1 ||     2
 Abil: Evoke Flight      |       |       |       |     2 |       ||     2
       Blink             |       |       |       |       |     7 ||     7
  Use: Scroll            |       |     4 |     1 |     3 |       ||     8
       Potion            |       |       |     5 |     3 |       ||     8
  Eat: Chunk             |     1 |     9 |    11 |    31 |     4 ||    56
       Ration            |       |       |     4 |     7 |       ||    11
Armor: Ring mail         |    19 |    24 |    84 |    91 |    49 ||   267
       Chain mail        |       |       |    33 |    51 |       ||    84
       Fire dragon scale |       |       |       |   122 |       ||   122
Dodge: Dodged            |    47 |    46 |   169 |   448 |    68 ||   778
Block: Buckler           |       |     3 |    33 |    20 |       ||    56
